 Dungeon Crawl Stone Soup version 0.31-a0-430-gf8416d752b (console) character file.

Game seed: 16241681982993359791

7 Lexodia the Vexing (level 1, -3/7 HPs)
             Began as a Felid Enchanter on July 31, 2023.
             Slain by a gnoll
             ... wielding a +0 spear
              (9 damage)
             ... on level 1 of the Dungeon.
             The game lasted 00:00:58 (180 turns).

Lexodia the Vexing (Felid Enchanter)                 Turns: 180, Time: 00:00:58

Health: -3/7       AC:  1    Str:  4    XL:     1   Next: 83%
Magic:  4/4        EV: 17    Int: 16    God:
Gold:   18         SH:  0    Dex: 16    Spells: 4/4 levels left
                                        Lives:  0   Deaths: 0

rFire   . .          .
                       - Unarmed
rCold   . . .        (shield unavailable)
rNeg    . . .        (body armour unavailable)
rPois   .            (helmet unavailable)
rElec   .            (cloak unavailable)
rCorr   .            (gloves unavailable)
SInv    +            (boots unavailable)
Will    .....        (no amulet)
Stlth   +++          (no ring)
HPRegen 0.21/turn    (no ring)
MPRegen 0.09/turn

%: no passive effects
@: beast-form, quick
A: beast (slay +0), very small, claws 1, fangs 3, see invisible, speed 1, shaggy
fur 1, stealthy paws, no weapons or thrown items, no armour, multi-lived
a: Begin Untransformation


You were on level 1 of the Dungeon.
You were a hulking beast.
You visited 1 branch of the dungeon, and saw 1 of its levels.

You collected 18 gold pieces.

Inventory:

Talismans
 c - a beast talisman (active)
Potions
 a - 2 potions of invisibility
 b - a potion of lignification {unknown}


   Skills:
 + Level 2.8 Dodging
 - Level 4.0 Stealth
 * Level 1.3 Unarmed Combat
 + Level 2.1 Spellcasting
 + Level 4.5 Hexes
 + Level 0.1 Shapeshifting


You had 4 spell levels left.
You didn't know any spells.
Your spell library contained the following spells:

 Spells                   Type           Power      Damage    Failure   Level
 Confusing Touch          Hex            16%        N/A       10%         3
 Tukima's Dance           Hex            16%        N/A       10%         3
 Ensorcelled Hibernation  Hex/Ice        16%        N/A       12%         2
 Dazzling Flash           Conj/Hex       16%        N/A       24%         3


Dungeon Overview and Level Annotations

Branches:
Dungeon (1/15)

Altars:


Innate Abilities, Weirdness & Mutations

You are a hulking beast.
Your limbs bulge with bestial killing power. (Slay +0)
You have sharp claws.
You have razor-sharp teeth.
You have supernaturally acute eyesight. (SInv)
You cover ground quickly. (Speed+)
You are covered in fur. (AC +1)
Your paws help you pounce on unaware monsters.
You are incapable of wielding weapons or throwing items.
You cannot wear armour.
You gain extra lives every three experience levels.


Message History

You kill the bat!
The goblin shouts!
You scratch the goblin.
The goblin is severely wounded.
The goblin hits you with a +0 dagger.
Huge Dmg: -28%(-2hp) hp: 72%(5hp)
You don't know any spells.
Sorry, you're not good enough to have a special ability.
Unknown command.
You barely miss the goblin. Your bite misses the goblin.
The goblin is severely wounded.
You scratch the goblin.
You kill the goblin!
You see here a +0 dagger.
You start resting.
HP restored.
You see here a beast talisman.
c - a beast talisman You begin transforming.
You continue transforming. x3
You turn into a hulking beast.
Found a stone staircase leading down.
There is a stone staircase leading down here.
A rat comes into view.
You scratch the rat.
You kill the rat!
A ball python comes into view.
The helpless ball python fails to defend itself.
You claw the ball python!
You kill the ball python!
You see here a ball python corpse.
A gnoll, a ball python and a bat come into view.
The gnoll shouts!
The ball python hisses angrily.
The ball python bites you but does no damage.
The ball python barely misses you.
You scratch the ball python.
The ball python is heavily wounded.
The ball python bites you. The ball python completely misses you.
The gnoll hits you from afar with a +0 spear!
Ouch! That really hurt!
You die...

##..## ##. #....### #..
#.##..†### ######..
##.####...####.....>. ###
##..# ###......#...##
#...#...#####...#..##.....
#..............###.........
.....$...................#.
..........h.....†...##.....
........gS....########...#.
...........#### #####.
.....#...#.. #.
#.##.....##.# . #####.. ..
## ... ### ..# ...


You could see a gnoll and a ball python.

Vanquished Creatures
  A bat (D:1)
  A goblin (D:1)
  3 ball pythons (D:1)
  A rat (D:1)
6 creatures vanquished.

Notes
Turn   | Place    | Note
-------+----------+-------------------------------------------
     0 | D:1      | Lexodia the Felid Enchanter began the quest for the Orb.
     0 | D:1      | Reached XP level 1. HP: 7/7 MP: 4/4
   119 | D:1      | Huge Dmg: 2 dmg
   180 | D:1      | Slain by a gnoll

Illustrated notes

Levels and vault maps discovered:
D:1:      dpeg_arrival_round_c, layout_rooms

Action                     || total
---------------------------++-------
  Melee: Unarmed           ||    11
   Stab: Sleeping          ||     3
 Armour: Skin              ||     1
  Dodge: Dodged            ||     5
   Form: Beast             ||     1

Table legend: (Time is in decaauts)
 A = Elapsed time spent in this place.
 B = Non-inter-level travel time spent in this place.
 C = Inter-level travel time spent in this place.
 D = Time resting spent in this place.
 E = Time spent auto-exploring this place.
 F = Levels seen in this place.
 G = Mean time per level.
                   A        B        C        D        E       F      G
               +--------+--------+--------+--------+--------+-----+--------+
         Total |    148 |    148 |      0 |      6 |     94 |   1 |  148.0 |
       Dungeon |    148 |    148 |      0 |      6 |     94 |   1 |  148.0 |
               +--------+--------+--------+--------+--------+-----+--------+

Top non-repeatable levels by time:
     D:1: 148 daAuts
